 Dungeon Crawl Stone Soup version 0.27-a0-1256-gced786f65e (webtiles) character file.

Game seed: 9562461504980275527

3028 spiderkeys the Destroyer (level 9, -4/51 HPs)
             Began as an Octopode Conjurer on June 11, 2021.
             Slain by a kobold brigand
             ... wielding a +1 short sword of chaos
              (12 damage)
             ... on level 5 of the Dungeon.
             The game lasted 00:11:25 (5454 turns).

spiderkeys the Destroyer (Octopode Conjurer)        Turns: 5454, Time: 00:11:25

Health: -4/51      AC:  1    Str:  8    XL:     9   Next: 86%
Magic:  17/20      EV: 13    Int: 31    God:
Gold:   180        SH:  0    Dex: 16    Spells: 9/23 levels left

rFire    + . .     SeeInvis .   v - +5 whip "Qerafum" {venom, Contam rPois Will+++ Int+4}
rCold    + . .     Faith    .   (no shield)
rNeg     . . .     Spirit   .   (helmet restricted)
rPois    +         Reflect  .   i - amulet of magic regeneration
rElec    +         Harm     .   j - ring of Tito Emni {Str+2 Int+3 Dex+6}
rCorr    +         Rampage  .   (no ring)
Will     +++..                  (no ring)
Stlth    +++.......             (no ring)
HPRegen  0.17/turn              (no ring)
MPRegen  0.42/turn              (no ring)
                                (no ring)
                                (no ring)

@: resistant, attractive
A: almost no armour, amphibious, 8 rings, camouflage 1, gelatinous body 1,
(nimble swimmer 1), tentacles
a: no special abilities


You were on level 5 of the Dungeon.
You visited 1 branch of the dungeon, and saw 5 of its levels.

You collected 180 gold pieces.


Innate Abilities, Weirdness & Mutations

You cannot wear most types of armour.
You are amphibious.
You can wear up to eight rings at the same time.
Your skin changes colour to match your surroundings (Stealth+).
Your rubbery body absorbs attacks. (AC +1, EV +1)
((You are camouflaged near water. (Stealth+)))
You have tentacles for arms and can constrict up to eight enemies at once.


   Skills:
 - Level 2.0 Dodging
 - Level 2.6 Stealth
 + Level 7.8 Spellcasting
 * Level 12.0 Conjurations
 - Level 6.8 Hexes


You had 9 spell levels left.
You knew the following spells:

 Your Spells              Type           Power      Damage    Failure   Level
c - Mephitic Cloud        Conj/Pois/Air  37%        N/A       2%          3
f - Fulminant Prism       Conj/Hex       31%        3d16      1%          4
m - Magic Dart            Conj           100%       1d8       1%          1
s - Searing Ray           Conj           100%       3d7       1%          2
X - Iskenderun's Mystic   Conj/Tloc      49%        2d11      3%          4

Your spell library contained the following spells:

 Spells                   Type           Power      Damage    Failure   Level
 Dazzling Flash           Conj/Hex       100%       N/A       1%          3
 Hailstorm                Conj/Ice       49%        3d11      3%          4
 Freeze                   Ice            48%        1d7       4%          1
 Sting                    Tmut/Pois      48%        1d5       4%          1
 Poisonous Vapours        Pois/Air       24%        N/A       6%          2
 Frozen Ramparts          Ice            24%        1d4       12%         3
 Ignite Poison            Fire/Tmut/Pois 12%        N/A       12%         3
 Ozocubu's Armour         Ice            12%        N/A       12%         3
 Metabolic Englaciation   Hex/Ice        16%        N/A       28%         5
 Olgreb's Toxic Radiance  Pois           12%        N/A       38%         4

Inventory:

Hand Weapons
 c - a +1 whip of electrocution
   (You took it off a kobold on level 1 of the Dungeon)
 h - a +0 lajatang
   (You found it on level 1 of the Dungeon)
 v - the +5 whip "Qerafum" (weapon) {venom, Contam rPois Will+++ Int+4}
   (You took it off Eustachio on level 5 of the Dungeon)

   It poisons the flesh of those it strikes.
   It affects your intelligence (+4).
   It protects you from poison.
   It causes magical contamination when unequipped.
   It greatly increases your willpower.
Missiles
 a - 7 bolts
 b - 139 stones
 s - 59 sling bullets
Jewellery
 i - an amulet of magic regeneration (around mantle)
   (You found it on level 2 of the Dungeon)
 j - the ring of Tito Emni (left tentacle) {Str+2 Int+3 Dex+6}
   (You acquired it on level 3 of the Dungeon)

   [ring of dexterity]

   It affects your strength (+2).
   It affects your intelligence (+3).
   It affects your dexterity (+6).
 F - a ring of fire
   (You found it on level 3 of the Dungeon)
Wands
 t - a wand of digging (7)
   (You took it off Ijyb on level 4 of the Dungeon)
Scrolls
 g - a scroll of noise {!r}
 m - 3 scrolls of fear
 p - a scroll of enchant armour
 w - a scroll of identify {@r1}
Potions
 f - a potion of flight
 l - 2 potions of brilliance
 o - a potion of lignification {!q}
 u - a potion of mutation {unknown}

Dungeon Overview and Level Annotations

Branches:
Dungeon (5/15)
 Temple: D:4-7

Altars:

Annotations:
D:5 deadmanwalking's ghost, novice DEVM

#.........#.......#######
#######.........#.......##.##.###
.<.†............+...†........>#.#
#.###.#.........#.......##.##.#.#
#.###.#.........#.......##.##.#.#
#.#.#.#.........#####'####......#
................##..)............
....#.#.........###.#.##.#......#
.##.#.######.##.@KWK.......##.###
.##.#.######....##K)'##....##.#
...............##KK...##......#
.##.#.###.##.###≈.#.#.≈#..#.#.#
.##.#.# #.##.# #⌠.#.#.⌠#<.....#
.##.### #.##.# #≈.#.#.P#..#.#.###
......# #.##.####...K.##..#.....#
.##.#.# #.##.#..##[/.##....#..#.#
###.#.###.##.#.#######....##..#.#


You could see a kobold brigand, deadmanwalking's ghost (toxic aura) and 4
kobolds.


Message History

You take 2 damage, and now have 38/46 hp.
You lost 4 mp, and now have 12/16 mp.
You hit the kobold brigand. You grab the kobold brigand.
You constrict the kobold brigand.
You feel sick. The kobold brigand barely misses you.
Your fulminant prism crackles loudly. 😕 HP[-3]
You take 3 damage, and now have 35/46 hp.
You barely miss the kobold brigand.
You constrict the kobold brigand, but do no damage.
You feel sick.
The kobold brigand hits you with a +1 short sword of chaos!
The kobold brigand freezes you.
* * * LOW HITPOINT WARNING * * *
The blast of energy engulfs deadmanwalking's ghost!
The blast of energy engulfs the kobold!!
You kill the kobold!
The blast of energy engulfs the kobold!!
You kill the kobold!
The blast of energy engulfs the kobold!!
You kill the kobold!
The blast of energy engulfs the kobold brigand!
The kobold brigand hits you with a +1 short sword of chaos!
* * * LOW HITPOINT WARNING * * *
The kobold brigand freezes you.
* * * LOW HITPOINT WARNING * * *
😨 HP[-22] MP[+1]
You take 22 damage, and now have 13/46 hp.
MASSIVE DAMAGE!! (PAUSE) It was a potion of brilliance.
You feel clever all of a sudden.
You constrict the kobold brigand.
You feel sick.
Deadmanwalking's ghost's toxic aura wanes.
The kobold brigand closely misses you. 😨 HP[-1]
You take 1 damage, and now have 12/46 hp.
It was a potion of lignification.
You turn into a tree.
Your roots penetrate the ground.
You lose your grip on the kobold brigand.
You feel sick.
The kobold brigand hits you but does no damage. 😨 HP[+6] MP[+1]
You now have 69 max hp (+23).
You regained 6 hp, and now have 18/69 hp.
It was a potion of flight.
Your roots keep you in place.
You feel sick.
The kobold brigand hits you but does no damage. 😱 HP[-1]
You take 1 damage, and now have 17/69 hp.
It was a potion of experience.
You feel more experienced!
Your Spellcasting skill gained 2 levels and is now at level 7!
Your Conjurations skill gained 3 levels and is now at level 12!
Your Hexes skill gained 3 levels and is now at level 6!
Training target 5.0 for Hexes reached!
You have reached level 9!
Your experience leads to an increase in your attributes!
Your base attributes are Str 6, Int 23, Dex 10.
Increase (S)trength, (I)ntelligence, or (D)exterity?
You feel clever.
You feel sick.
The kobold brigand hits you with a +1 short sword of chaos.
* * * LOW HITPOINT WARNING * * *
You feel agile all of a sudden. 😱 HP[-2]
You now have 76 max hp (+7).
It was a potion of might.
You feel very mighty all of a sudden.
You feel sick.
You are no longer poisoned.
The kobold brigand hits you but does no damage. 😱 HP[-1] MP[+1]
You take 1 damage, and now have 14/76 hp.
It was a potion of cancellation.
Your magical effects are unravelling.
You feel magically purged.
You feel less wooden.
You feel a little less mighty now.
You feel a little less clever now.
You feel a little less agile now.
The kobold brigand hits you with a +1 short sword of chaos.
* * * LOW HITPOINT WARNING * * *
The kobold brigand burns you.
* * * LOW HITPOINT WARNING * * *
😱 HP[-13]
You now have 51 max hp (-25).
Okay, then.
Okay, then.
Okay, then.
It was a potion of resistance.
You feel protected.
The kobold brigand misses you. 😱 MP[+1] It was a potion of curing.
You feel better.
Deadmanwalking's ghost mumbles some strange words.
Deadmanwalking's ghost begins to radiate toxic energy.
The kobold brigand closely misses you. 😱 HP[+7]
You regained 7 hp, and now have 8/51 hp.
It was a potion of attraction.
You feel attractive to monsters.
The kobold brigand hits you with a +1 short sword of chaos!
You die...

Skill      XL: |  1  2  3  4  5  6  7  8 |
---------------+-------------------------+-----
Conjurations   | 5 6 7 8 12 | 12.0
Spellcasting   | 3 4 7 |  7.8
Hexes          | 2 6 |  6.8
Dodging        | |  2.0
Stealth        | |  2.6

Action                   |  1- 3 |  4- 6 |  7- 9 || total
-------------------------+-------+-------+-------++-------
Melee: Whip              |    43 |     9 |    31 ||    83
       Constrict         |    14 |     3 |     7 ||    24
       Tentacles         |     3 |     1 |     5 ||     9
 Cast: Magic Dart        |    39 |    36 |    23 ||    98
       Searing Ray       |     1 |    16 |     9 ||    26
       Fulminant Prism   |       |       |     3 ||     3
  Use: Scroll            |     2 |     2 |     2 ||     6
       Potion            |       |       |     9 ||     9
 Stab: Sleeping          |     3 |     2 |     3 ||     8
Armor: Skin              |     6 |     1 |     8 ||    15
Dodge: Dodged            |    37 |    14 |    28 ||    79

Levels and vault maps discovered:
D:1:      giann_bridges, layout_basic, serial_rivers,
          chequers_serial_rivers_micro_e, chequers_serial_rivers_large_a,
          chequers_serial_rivers_micro_b, chequers_serial_rivers_room_b,
          chequers_serial_rivers_micro_e,
          shapermc_ecumenical_altar_mp_ritualfount
D:2:      layout_loops_corners, minmay_stone_trees_small
D:3:      layout_basic, serial_bayou_pond_a, minmay_crystal_room
D:4:      layout_loops_ring, uniq_ijyb
D:5:      layout_basic, gammafunk_ghost_nasty_kobolds, uniq_sigmund,
          uniq_eustachio, uniq_pikel

Notes
Turn   | Place    | Note
-------+----------+-------------------------------------------
     0 | D:1      | spiderkeys the Octopode Conjurer began the quest for the
                  | Orb.
     0 | D:1      | Reached XP level 1. HP: 11/11 MP: 3/3
     0 | D:1      | magus.rc [v1.9.10]
   211 | D:1      | Reached XP level 2. HP: 11/17 MP: 0/5
   402 | D:1      | Learned a level 2 spell: Searing Ray
   727 | D:1      | Reached XP level 3. HP: 21/21 MP: 6/6
   920 | D:1      | Found a faded altar of an unknown god.
  1452 | D:2      | Reached skill level 5 in Conjurations
  1501 | D:2      | Reached XP level 4. HP: 27/27 MP: 2/8
  2200 | D:2      | Learned a level 4 spell: Fulminant Prism
  2309 | D:3      | Reached skill level 3 in Spellcasting
  2309 | D:3      | Reached XP level 5. HP: 24/31 MP: 4/9
  2407 | D:3      | You pick up a book of Frost and begin reading...
  2407 | D:3      | You add the spells Freeze, Frozen Ramparts, Ozocubu's
                  | Armour, Hailstorm and Metabolic Englaciation to your
                  | library.
  2545 | D:3      | Reached skill level 6 in Conjurations
  2834 | D:3      | Reached XP level 6. HP: 36/36 MP: 7/11
  3314 | D:3      | Identified a scroll of acquirement
  3314 | D:3      | Acquired the ring of Tito Emni {Str+2 Int+3 Dex+6}
  3375 | D:4      | You add the spells Sting, Poisonous Vapours, Mephitic
                  | Cloud, Ignite Poison and Olgreb's Toxic Radiance to your
                  | library.
  3447 | D:4      | Reached skill level 4 in Spellcasting
  3503 | D:4      | Noticed an ice beast
  3508 | D:4      | Killed an ice beast
  3509 | D:4      | Reached skill level 7 in Conjurations
  3509 | D:4      | Reached XP level 7. HP: 41/41 MP: 7/13
  3540 | D:4      | Learned a level 4 spell: Iskenderun's Mystic Blast
  3544 | D:4      | Learned a level 3 spell: Mephitic Cloud
  3841 | D:4      | Noticed Ijyb
  3847 | D:4      | Killed Ijyb
  4257 | D:5      | Entered Level 5 of the Dungeon
  4396 | D:5      | Noticed Sigmund
  4400 | D:5      | Reached skill level 1 in Hexes
  4400 | D:5      | Killed Sigmund
  4456 | D:5      | Reached skill level 8 in Conjurations
  4551 | D:5      | Identified the +5 whip "Qerafum" {venom, Contam rPois
                  | Will+++ Int+4}
  4551 | D:5      | Noticed Eustachio
  4558 | D:5      | Killed Eustachio
  4559 | D:5      | Reached skill level 2 in Hexes
  4559 | D:5      | Reached XP level 8. HP: 42/46 MP: 7/15
  4668 | D:5      | Reached skill level 5 in Spellcasting
  5022 | D:5      | Found a runed translucent gate.
  5022 | D:5      | Found a runed translucent gate.
  5022 | D:5      | Found a runed translucent gate.
  5025 | D:5      | Noticed deadmanwalking's ghost (novice DEVM)
  5029 | D:5      | Noticed Pikel
  5039 | D:5      | Killed Pikel
  5040 | D:5      | Reached skill level 9 in Conjurations
  5040 | D:5      | Reached skill level 3 in Hexes
  5448 | D:5      | HP: 17/69 [poisoned by deadmanwalking's ghost (toxic
                  | radiance)]
  5449 | D:5      | Identified a potion of experience
  5449 | D:5      | Reached skill level 7 in Spellcasting
  5449 | D:5      | Reached skill level 12 in Conjurations
  5449 | D:5      | Reached skill level 6 in Hexes
  5449 | D:5      | Reached XP level 9. HP: 19/51 MP: 14/20
  5451 | D:5      | HP: 4/51 [kobold brigand/+1 short sword of chaos (6)]
  5451 | D:5      | HP: 1/51 [kobold brigand/+1 short sword of chaos (3)]
  5454 | D:5      | Slain by a kobold brigand

Vanquished Creatures
  Pikel (D:5)
  Sigmund (D:5)
  Eustachio (D:5)
  An ice beast (D:4)
  3 lemures (D:5)
  2 phantoms (D:4)
  A scorpion (D:5)
  2 orc priests (D:3)
  2 hounds (D:5)
  A bullfrog skeleton (D:5)
  2 iguanas
  3 orc wizards (D:3)
  Ijyb (D:4)
  8 adders
  2 white imps (D:5)
  An adder skeleton (D:4)
  4 dart slugs
  10 orcs
  4 bats
  5 endoplasms
  11 hobgoblins
  12 jackals
  5 quokkas
  6 ball pythons
  4 goblins
  17 kobolds
  4 rats
114 creatures vanquished.

Vanquished Creatures (others)
  3 fulminant prisms (D:5)
  A fungus (D:5)
  4 plants
8 creatures vanquished.

Grand Total: 122 creatures vanquished

Table legend:
 A = Non-vault XP
 B = Vault XP
 C = Vault XP percentage of total XP
 D = Non-vault monster count
 E = Vault monster count
 F = Vault count percentage of total count
                 A         B        C        D         E       F
            +---------+---------+-------+---------+---------+-------
      Total |    1095 |    1097 |  50.0 |     102 |       9 |   8.1
            +---------+---------+-------+---------+---------+-------
        D:1 |      53 |       0 |   0.0 |      30 |       0 |   0.0
        D:2 |      61 |       0 |   0.0 |      18 |       0 |   0.0
        D:3 |     259 |       0 |   0.0 |      22 |       0 |   0.0
        D:4 |     428 |      36 |   7.8 |      21 |       1 |   4.5
        D:5 |     294 |    1061 |  78.3 |      11 |       8 |  42.1
            +---------+---------+-------+---------+---------+-------

Illustrated notes

Table legend:
 A = Kills in this place as a percentage of kills in entire the game.
 B = Kills by you in this place as a percentage of kills by you in the entire game.
 C = Kills by friends in this place as a percentage of kills by friends in the entire game.
 D = Other kills in this place as a percentage of other kills in the entire game.
 E = Experience gained in this place as a percentage of experience gained in the entire game.
 F = Experience gained in this place divided by the number of levels of this place that you have seen.
                   A       B       C       D       E      F
               +-------+-------+-------+-------+-------+----------------------
         Total | 100.0 | 100.0 |   N/A |   N/A | 100.0 | 438.4
       Dungeon | 100.0 | 100.0 |   N/A |   N/A | 100.0 | 438.4
               +-------+-------+-------+-------+-------+----------------------

Table legend: (Time is in decaauts)
 A = Elapsed time spent in this place.
 B = Non-inter-level travel time spent in this place.
 C = Inter-level travel time spent in this place.
 D = Time resting spent in this place.
 E = Time spent auto-exploring this place.
 F = Levels seen in this place.
 G = Mean time per level.
                   A        B        C        D        E       F      G
               +--------+--------+--------+--------+--------+-----+--------+
         Total |   5460 |   5277 |    183 |    262 |   4401 |   5 | 1092.0 |
       Dungeon |   5460 |   5277 |    183 |    262 |   4401 |   5 | 1092.0 |
               +--------+--------+--------+--------+--------+-----+--------+

Top non-repeatable levels by time:
     D:1: 1278 daAuts
     D:5: 1198 daAuts
     D:4: 1178 daAuts
     D:2: 977 daAuts
     D:3: 828 daAuts
